 Dungeon Crawl Stone Soup version 0.20-a0-991-g93344ec (webtiles) character file.

39 M4edhros the Vexing (level 3, -1/26 HPs)
             Began as a Formicid Arcane Marksman on Apr 11, 2017.
             Slain by an iguana (7 damage)
             ... on level 4 of the Dungeon.
             The game lasted 00:02:12 (436 turns).

M4edhros the Vexing (Formicid Arcane Marksman)       Turns: 436, Time: 00:02:14

Health: -1/26      AC:  6    Str: 14    XL:     3   Next: 67%
Magic:  4/4        EV:  8    Int: 12    God:
Gold:   31         SH: 12    Dex: 12    Spells: 3/4 levels left

rFire    . . .     SeeInvis +   a - +0 hand crossbow
rCold    . . .     Gourm    .   g - +0 large shield
rNeg     . . .     Faith    .   e - +0 robe
rPois    .         Spirit   .   (helmet unavailable)
rElec    .         Reflect  .   (no cloak)
rCorr    .         Harm     .   (no gloves)
MR       .....                  (no boots)
Stlth    +.........             (no amulet)
Regen    0.1/turn               (no ring)
MPRegen  0.1/turn               (no ring)

@: flying
A: permanent stasis, dig shafts and tunnels, four strong arms, antennae 3, icy
blue scales 1, iridescent scales 1, wild magic 1
a: Dig, Shaft Self


You were on level 4 of the Dungeon.
You were not hungry.

You visited 1 branch of the dungeon, and saw 4 of its levels.

You collected 31 gold pieces.

Inventory:

Hand Weapons
 a - a +0 hand crossbow (weapon)
 n - a cursed -1 short sword
Missiles
 d - 12 bolts (quivered)
Armour
 e - a +0 robe (worn)
 g - a +0 large shield (worn)
Scrolls
 b - a scroll of amnesia {unknown}
 h - a scroll of remove curse {unknown}
 l - a scroll of teleportation {unknown}
 o - a scroll of identify {unknown}
Potions
 i - a potion of magic {unknown}
 j - a potion of heal wounds {unknown}
 m - a potion of flight
Books
 c - a book of Debilitation

   Spells                             Type                      Level
   a - Corona                         Hexes                        1
   b - Slow                           Hexes                        2
   c - Inner Flame                    Hexes/Fire                   3
   d - Portal Projectile              Hexes/Translocation          3
   e - Cause Fear                     Hexes                        4
   f - Leda's Liquefaction            Hexes/Earth                  4
Comestibles
 f - 2 bread rations
 p - a chunk of flesh


   Skills:
 - Level 1.1 Fighting
 * Level 2.4 Crossbows
 - Level 1.7 Dodging
 * Level 2.2 Shields
 + Level 1.3 Spellcasting
 + Level 4.1 Hexes


You had 3 spell levels left.
You knew the following spells:

 Your Spells              Type           Power        Failure   Level  Hunger
a - Corona                Hex            ##.....      92%         1    ##.....


Dungeon Overview and Level Annotations

Branches:
Dungeon (4/15)
 Temple: D:4-7

Altars:


Innate Abilities, Weirdness & Mutations

You cannot be hasted, slowed, berserked, paralysed or teleported.
You can dig through walls and to a lower floor.
Your four strong arms can wield two-handed weapons with a shield.
You have a pair of large antennae on your head. (SInv)
You are partially covered in icy blue scales. (AC +2)
You are partially covered in iridescent scales. (AC +2)
Your spells are a little harder to cast, but a little more powerful.


Message History

The iguana bites you!
Ouch! That really hurt!
* * * LOW HITPOINT WARNING * * *
Okay, then.
Found 18 gold pieces.
Found an escape hatch in the ceiling.
Found a war axe.
You aren't carrying any items that you can evoke.
Okay, then.
A scorpion comes into view.
Found a royal jelly.
It was a potion of flight.
You feel very buoyant.
You fly up into the air.
The iguana bites you.
* * * LOW HITPOINT WARNING * * *
It was a potion of mutation.
You feel extremely strange.
Icy blue scales grow over part of your body.
Iridescent scales grow over part of your body.
You feel less in control of your magic. The iguana bites you!
You die...

# ##.... #.
##...## #.#
#..#.#
#..#######.##.#
...##....##.#
##.##.#####.# #
##.....# #.#
#.####..##...#
#.#
#..@l..#####.#
#.# #..##### .#
..... ..
#...... ###
#...... #....%.
. #....s. ##
#......


You could see a scorpion and an iguana.

Vanquished Creatures
  2 adders
  2 worms (D:3)
  2 orcs (D:3)
  A ball python (D:1)
  A giant cockroach (D:3)
  A goblin (D:1)
  A hobgoblin (D:3)
  A quokka (D:3)
  3 bats
14 creatures vanquished.

Notes
Turn   | Place    | Note
-------+----------+-------------------------------------------
     0 | D:1      | M4edhros the Formicid Arcane Marksman began the quest for the Orb.
     0 | D:1      | Reached XP level 1. HP: 15/15 MP: 2/2
   169 | D:2      | Reached skill level 1 in Shields
   169 | D:2      | Reached XP level 2. HP: 21/21 MP: 3/3
   186 | D:2      | You fall through a shaft for 2 floors!
   258 | D:3      | Reached XP level 3. HP: 26/26 MP: 4/4
   376 | D:3      | Reached skill level 4 in Hexes
   434 | D:4      | Noticed a scorpion
   436 | D:4      | Gained mutation: You are partially covered in icy blue scales. (AC +2) [potion of mutation]
   436 | D:4      | Gained mutation: You are partially covered in iridescent scales. (AC +2) [potion of mutation]
   436 | D:4      | Gained mutation: Your spells are a little harder to cast, but a little more powerful. [potion of mutation]
   436 | D:4      | Slain by an iguana

Vault maps used:
D:1:      dpeg_arrival_short_road
D:2:      kennysheep_goblin_castle, minmay_item_behind_shaft
D:3:      grunt_temple_overflow_lords_of_destruction, grunt_temple_overflow_open

Skill      XL: |  1  2  3 |
---------------+----------+-----
Shields        | 1 2 |  2.2
Hexes          | 4 |  4.1
Fighting       | |  1.1
Crossbows      | |  2.4
Dodging        | |  1.7
Spellcasting   | |  1.3

Action                   || total
-------------------------++-------
 Fire: Hand crossbow     ||    45
 Cast: Corona            ||     3
 Abil: Shaft Self        ||     1
  Use: Scroll            ||     1
       Potion            ||     2
Armor: Robe              ||    11
Dodge: Dodged            ||    18
Block: Large shield      ||     5
